 Dungeon Crawl Stone Soup version 0.28.0-47-ge53b351184 (webtiles) character file.

Game seed: 7246049142355810870

95 nickcage the Cudgeller (level 4, -13/35 HPs)
             Began as a Demonspawn Abyssal Knight on May 9, 2022.
             Was a Believer of Lugonu.
             Mangled by an ogre
             ... wielding a +0 giant club
              (21 damage)
             ... on level 3 of the Dungeon.
             The game lasted 00:03:18 (2135 turns).

nickcage the Cudgeller (Demonspawn Abyssal Knight)  Turns: 2135, Time: 00:03:19

Health: -13/35     AC:  4    Str: 15    XL:     4   Next: 39%
Magic:  5/5        EV: 11    Int: 12    God:    Lugonu [**....]
Gold:   60         SH:  0    Dex: 13    Spells: 3/3 levels left

rFire   . . .      SeeInvis .   a - +1 mace
rCold   . . .      Faith    .   (no shield)
rNeg    . . .      Spirit   .   b - +0 leather armour
rPois   .          Reflect  .   (no helmet)
rElec   .          Harm     .   (no cloak)
rCorr   .          Rampage  .   (no gloves)
Will    .....                   (no boots)
Stlth   +.........              (no amulet)
HPRegen 0.11/turn               (no ring)
MPRegen 0.09/turn               (no ring)

@: attractive
A: foul stench 1, sharp scales 1
a: Renounce Religion, Depart the Abyss, Bend Space


You were on level 3 of the Dungeon.
You worshipped Lugonu.
Lugonu was pleased with you.
You visited 1 branch of the dungeon, and saw 3 of its levels.
You visited the Abyss 1 time.

You collected 60 gold pieces.

Inventory:

Hand Weapons
 a - a +1 mace (weapon)
Armour
 b - a +0 leather armour (worn)
Scrolls
 d - 3 scrolls of magic mapping {unknown}
 e - a scroll of teleportation {unknown}
 f - a scroll of blinking {unknown}
 g - a scroll of identify {unknown}
 i - a scroll of holy word {unknown}
 j - a scroll of enchant weapon {unknown}
Potions
 h - a potion of resistance {unknown}
 k - a potion of haste {unknown}


   Skills:
 - Level 3.3 Fighting
 + Level 3.8 Maces & Flails
 - Level 2.2 Armour
 - Level 0.8 Dodging
 - Level 2.5 Invocations


You had 3 spell levels left.
You didn't know any spells.
Your spell library contained the following spells:

 Spells                   Type           Power      Damage    Failure   Level
 Slow                     Hex            0%         N/A       38%         1
 Confusing Touch          Hex            0%         N/A       77%         3
 Vampiric Draining        Necr           0%         2d6       77%         3


Dungeon Overview and Level Annotations

Branches:
Dungeon (3/15)

Altars:


Innate Abilities, Weirdness & Mutations

You may rarely emit foul miasma when damaged in melee.
You are partially covered in razor-sharp scales. (AC +1, Slay +1)


Message History

The ball python bites you but does no damage.
The ball python closely misses you.
You sock the ball python!
You kill the ball python!
Lugonu accepts your kill.
No target in view!
No target in view!
You see here a ball python corpse.
An ogre comes into view. It is wielding a +0 giant club.
The ogre shouts!
It was a potion of attraction.
You feel attractive to monsters. The ogre is attracted toward you.
You barely miss the ogre. The ogre hits you with a +0 giant club!
You hit the ogre.
The ogre is lightly wounded.
The ogre misses you.
You hit the ogre but do no damage.
The ogre is lightly wounded.
The ogre barely misses you.
You barely miss the ogre.
The ogre is lightly wounded.
The ogre barely misses you.
You hit the ogre.
The ogre is lightly wounded.
The ogre misses you.
You sock the ogre!
The ogre is heavily wounded.
The ogre closely misses you.
You hit the ogre but do no damage.
The ogre is heavily wounded.
The ogre hits you with a +0 giant club!
* * * LOW HITPOINT WARNING * * *
You hit the ogre.
The ogre is severely wounded.
You hit the ogre.
The ogre is severely wounded.
The ogre hits you with a +0 giant club!!
Ouch! That really hurt!
You die...

#.###.####
... #.##..#
#.##.#######
#..†........
#.##.######
#.##†#..
#.##.#.#
#.##.#.###...
#....@O......
####.#.##.#..
#.#...
#.####.# #.#
.# #.# # #.#
#.


You could see an ogre.

Vanquished Creatures
  Jessica (D:2)
  2 adders (D:2)
  4 bats
  4 endoplasms
  2 giant cockroaches
  5 goblins
  9 hobgoblins
  6 quokkas
  5 ball pythons
  2 frilled lizards
  4 kobolds
  2 rats
46 creatures vanquished.

Notes
Turn   | Place    | Note
-------+----------+-------------------------------------------
     0 | Abyss:1  | nickcage the Demonspawn Abyssal Knight began the quest for
                  | the Orb.
     0 | Abyss:1  | Reached XP level 1. HP: 18/18 MP: 2/2
     0 | D:1      | Escaped the Abyss
   153 | D:1      | Reached * piety under Lugonu
   316 | D:1      | Gained mutation: You are partially covered in razor-sharp
                  | scales. (AC +1, Slay +1) [demonic ancestry]
   316 | D:1      | Reached XP level 2. HP: 15/24 MP: 3/3
  1156 | D:2      | Found a faded altar of an unknown god.
  1164 | D:2      | Gained mutation: You may rarely emit foul miasma when
                  | damaged in melee. [demonic ancestry]
  1164 | D:2      | Reached XP level 3. HP: 28/29 MP: 4/4
  1167 | D:2      | Noticed Jessica
  1174 | D:2      | Killed Jessica
  1608 | D:2      | Reached XP level 4. HP: 30/35 MP: 5/5
  1925 | D:2      | Reached ** piety under Lugonu
  2124 | D:3      | Noticed an ogre
  2135 | D:3      | Mangled by an ogre

Illustrated notes

Levels and vault maps discovered:
D:1:      kilobyte_arrival_exit_the_forest, layout_loops_ring
D:2:      layout_loops_ring, shapermc_ecumenical_altar_starsandcircs,
          minmay_door_square, nrook_campfire, hangedman_decor_peaks_small,
          minivault_25, uniq_jessica
D:3:      layout_loops_ring, lemuel_crystal_altar, pf_guarded_unrand_delatra

Skill      XL: |  1  2  3 |
---------------+----------+-----
Armour         | 2 |  2.2
Maces & Flails | 2 3 |  3.8
Fighting       | |  3.3
Dodging        | |  0.8
Invocations    | |  2.5

Action                   |  1- 3 |  4- 6 || total
-------------------------+-------+-------++-------
Melee: Mace              |    87 |    46 ||   133
       Punch             |     2 |       ||     2
Invok: Depart the Abyss  |     1 |       ||     1
  Use: Potion            |       |     1 ||     1
Armor: Leather armour    |    29 |    13 ||    42
Dodge: Dodged            |    64 |    33 ||    97
